AoeStats
← Clueless Clown

MegaRandom

505032194Analyzed
4v4 RM · 24d ago on Sep 7, 2026· 47m 46s· 8 players
Game mode
Random Map
Map size
Large (8 player)
Population
200
Speed
Normal
Resources
Standard
Victory
Conquest
Starting age
Dark Age
Ending age
Imperial Age
RankedLock teamsTeams togetherTeam positionsShared explorationLock speedFull tech treeHidden civsTurbo modeCheats
Victory
Defeat
🇬🇷 Franks · Greece
1037
+15
🇫🇷 Chinese · France
1028
+15
🇺🇸 Jurchens · United States
1028
+15
🇨🇦 Bengalis · Canada
1000
+16
🇨🇳 Magyars · China
1073
-29
🇨🇳 Spanish · China
1033
-16
🇮🇳 Slavs · India
980
-14
🇹🇷 Burgundians · Türkiye
946
-13
jean-danie1
7:39 Loom
10:09 Feudal Age
10:40 Double-Bit Axe
14:34 Scale Mail Armor
14:51 Forging
17:14 Wheelbarrow
22:15 Castle Age
21:04 Horse Collar
21:18 Gold Mining
21:18 Stone Mining
23:20 Scale Barding Armor
23:38 Bloodlines
24:05 Husbandry
24:46 Bow Saw
25:48 Heavy Plow
26:48 Devotion
27:23 Chain Barding Armor
32:23 Arson
34:19 Iron Casting
42:56 Imperial Age
41:12 Caravan
42:07 Paiks
42:58 Gold Shaft Mining
44:33 Plate Barding Armor
44:59 Blast Furnace
44:24 Conscription
45:06 Crop Rotation
45:46 Two-Man Saw
44:27 Elite Battle Elephant
46:23 Faith
46:20 Elite Ratha (Ranged)
47:28 Illumination
47:18 Block Printing
Beaumains
1:16 Loom
10:17 Feudal Age
13:16 Double-Bit Axe
17:48 Scale Mail Armor
19:05 Bloodlines
23:35 Castle Age
21:25 Horse Collar
22:32 Gold Mining
22:41 Stone Mining
23:43 Wheelbarrow
23:15 Padded Archer Armor
23:07 Fletching
24:24 Crossbowman
25:36 Forging
26:19 Hand Cart
25:50 Town Watch
26:54 Leather Archer Armor
26:09 Light Cavalry
26:49 Husbandry
27:53 Bodkin Arrow
28:04 Scale Barding Armor
30:10 Bow Saw
30:39 Iron Casting
32:54 Squires
39:14 Heavy Plow
39:52 Stone Shaft Mining
39:53 Gold Shaft Mining
39:41 Chain Barding Armor
39:37 Chain Mail Armor
38:44 Pikeman
38:45 Man-at-Arms
39:10 Arson
38:48 Elite Skirmisher
39:34 Thumb Ring
41:12 Murder Holes
41:27 Masonry
42:02 Great Wall
46:42 Imperial Age
44:13 Town Patrol
Clueless Clown
0:31 Loom
9:30 Feudal Age
14:05 Castle Age
13:30 Scale Mail Armor
16:47 Squires
22:33 Chain Mail Armor
22:40 Gambesons
23:34 Forging
26:10 Arson
27:06 Horse Collar
29:05 Iron Casting
33:17 Wheelbarrow
33:42 Double-Bit Axe
33:57 Gold Mining
33:57 Stone Mining
34:57 Fletching
35:47 Hand Cart
36:16 Bodkin Arrow
38:07 Scale Barding Armor
38:28 Bow Saw
38:23 Heavy Plow
39:11 Gold Shaft Mining
39:12 Stone Shaft Mining
41:58 Imperial Age
41:22 Chain Barding Armor
40:53 Treadmill Crane
41:33 Ballistics
41:10 Murder Holes
42:47 Bloodlines
42:37 Husbandry
42:00 Elite Steppe Lancer
43:12 Conscription
42:55 Fortified Bastions
43:31 Hoardings
44:00 Chemistry
43:09 Siege Engineers
43:14 Masonry
44:36 Two-Man Saw
47:03 Crop Rotation
46:24 Spies/Treason
M@nte
0:38 Loom
9:22 Feudal Age
9:58 Double-Bit Axe
20:29 Castle Age
19:16 Scale Barding Armor
19:23 Stone Mining
19:26 Gold Mining
20:18 Forging
21:46 Bow Saw
22:26 Fletching
23:53 Husbandry
24:30 Iron Casting
25:02 Town Watch
26:28 Bodkin Arrow
26:48 Pikeman
28:44 Ballistics
31:05 Arson
35:57 Imperial Age
34:05 Padded Archer Armor
34:05 Scale Mail Armor
34:59 Wheelbarrow
36:21 #83
36:00 Murder Holes
37:10 Conscription
37:14 Hand Cart
37:53 Gold Shaft Mining
38:35 Squires
38:21 Gambesons
38:51 Siege Engineers
39:08 Elite Throwing Axeman
41:41 Blast Furnace
42:11 Chain Mail Armor
43:03 Leather Archer Armor
43:49 Chemistry
45:31 Plate Mail Armor
46:55 Chivalry
47:20 Chain Barding Armor
47:00 Spies/Treason
Crimson_Tide
1:33 Wheelbarrow
13:20 Feudal Age
11:57 Loom
15:26 Double-Bit Axe
15:57 Fishing Lines
16:52 Hand Cart
17:55 Bow Saw
18:28 Gillnets
22:25 Castle Age
20:43 Stone Mining
20:40 Horse Collar
23:04 Stone Shaft Mining
22:22 Gold Mining
22:37 Heavy Plow
26:45 Two-Man Saw
26:23 Elite Skirmisher
27:24 Pikeman
27岁电竞老年人
11:28 Feudal Age
15:04 Bloodlines
27:15 Castle Age
26:46 Double-Bit Axe
tecknokid15
10:43 Loom
13:34 Feudal Age
15:09 Double-Bit Axe
18:14 Castle Age
17:09 Man-at-Arms
18:14 Forging
18:04 Scale Mail Armor
21:03 Horse Collar
24:13 Wheelbarrow
26:18 Heavy Plow
26:46 Bow Saw
27:12 Gold Mining
vper1490
8:07 Loom
10:34 Feudal Age
11:12 Horse Collar
11:22 Double-Bit Axe
18:23 Wheelbarrow
21:35 Castle Age
20:02 Padded Archer Armor
20:02 Stone Mining
23:05 Gold Mining
25:38 Leather Archer Armor
25:27 Husbandry
25:38 Bloodlines
27:15 Bow Saw
34:58 Imperial Age
36:12 Ring Archer Armor
Connection lost

Rejoining the realm…

Still unreachable

The connection could not be restored.

Session expired

The server has moved on; the page needs a fresh start.